 Dungeon Crawl Stone Soup version 0.17-a0-1079-g9903972 (webtiles) character file.

95 AnnoyedKobold the Ducker (level 4, -1/21 HPs)
             Began as a Spriggan Enchanter on May 19, 2015.
             Slain by a worm (9 damage)
             ... on level 3 of the Dungeon.
             The game lasted 00:09:59 (3620 turns).

AnnoyedKobold the Ducker (Spriggan Enchanter)       Turns: 3620, Time: 00:09:59

Health: -1/21      AC:  3    Str:  4    XL:     4   Next: 40%
Magic:  9/9        EV: 20    Int: 16    God:
Gold:   128        SH:  0    Dex: 17    Spells: 2 memorised, 5 levels left

rFire  . . .     SeeInvis +     a - +1 dagger
rCold  . . .     Clarity  .     b - +1 robe
rNeg   . . .     SustAb   .     (shield restricted)
rPois  .         Gourm    .     (helmet restricted)
rElec  .         Spirit   .     (no cloak)
rCorr  .         Warding  .     (gloves unavailable)
rMut   .         Stasis   .     (boots unavailable)
MR     .....                    (no amulet)
Stlth  +++.......               (no ring)
                                (no ring)

@: very quick, not resistant to hostile enchantments, fairly stealthy
A: unfitting armour, see invisible, herbivore 3, speed 3, slow metabolism 2
a: no special abilities


You were on level 3 of the Dungeon.
You were full.

You visited 1 branch of the dungeon, and saw 3 of its levels.

You collected 128 gold pieces.

Inventory:

Hand weapons
 a - a +1 dagger (weapon)
 e - a +0 club
Missiles
 f - 5 needles of frenzy
 p - 5 poisoned needles
Armour
 b - a +1 robe (worn)
Scrolls
 g - a scroll of teleportation
 i - 3 scrolls of remove curse {unknown}
 j - a scroll of immolation {unknown}
 n - 2 scrolls of identify {unknown}
 o - 3 scrolls of noise {unknown}
 r - a scroll of magic mapping {unknown}
Potions
 k - a potion of resistance {unknown}
 l - a potion of poison {unknown}
 m - a potion of flight {unknown}
 s - a potion of agility {unknown}
 t - 2 potions of curing
Books
 c - a book of Maledictions

   Spells                             Type                      Level
   a - Corona                         Hexes                        1
   b - Ensorcelled Hibernation        Hexes/Ice                    2
   c - Confuse                        Hexes                        3
   d - Tukima's Dance                 Hexes                        3
   e - Dazzling Spray                 Conjuration/Hexes            3
 h - a book of Cantrips

   Spells                             Type                      Level
   a - Corona                         Hexes                        1
   b - Animate Skeleton               Necromancy                   1
   c - Summon Small Mammal            Summoning                    1
   d - Apportation                    Translocation                1
 q - a book of the Warp

   Spells                             Type                      Level
   a - Recall                         Summoning/Translocation      3
   b - Gell's Gravitas                Hexes/Translocation          3
   c - Control Teleport               Charms/Translocation         4
   d - Force Lance                    Conjuration/Translocation    4
   e - Phase Shift                    Translocation                5
   f - Warp Weapon                    Charms/Translocation         5
   g - Summon Forest                  Summoning/Translocation      5


   Skills:
 - Level 1.3 Short Blades
 + Level 5.1 Dodging
 - Level 4.4 Stealth
 - Level 2.7 Spellcasting
 + Level 5.0 Hexes


You had 5 spell levels left.
You knew the following spells:

 Your Spells              Type           Power        Failure   Level  Hunger
a - Corona                Hex            ###....      2%          1    #......
b - Ensorcelled Hibernat  Hex/Ice        ##....       12%         2    ##.....


Dungeon Overview and Level Annotations

Branches:
Dungeon (3/15)

Altars:
Fedhas
Okawaru
Qazlal


Innate Abilities, Weirdness & Mutations

You are tiny and cannot use many weapons and most armour.
You have supernaturally acute eyesight.
You are a herbivore.
You cover ground extremely quickly.
You need consume almost no food.


Message History

The worm is moderately wounded.
The worm closely misses you.
You barely miss the worm.
The worm is moderately wounded.
The worm bites you!
Ouch! That really hurt!
You hit the worm.
The worm is heavily wounded.
You hit the worm.
The worm is severely wounded.
The worm misses you.
You barely miss the worm.
The worm is severely wounded.
You barely miss the worm.
The worm is severely wounded.
The worm closely misses you.
You hit the worm.
The worm is severely wounded.
The worm bites you!
You die...

##########
#........#########
#........'........
#........######### #
#..........#8###8###8#.
#.......)......w.......
#..............@.......
##+#+#..#..............
###.#....#.##8###8###8#.
......#.##.##### ##
......#....# .#
......###### .#
......######+#.#
#####..........#
###8#..........#


You could see a worm.

Vanquished Creatures
  2 adders
  An ooze (D:2)
  2 worms (D:2)
  6 giant cockroaches
  11 goblins
  12 hobgoblins
  5 jackals (D:3)
  6 kobolds
  A ball python (D:2)
  5 bats
  4 giant newts
  11 rats
66 creatures vanquished.

Notes
Turn   | Place    | Note
--------------------------------------------------------------
     0 | D:1      | AnnoyedKobold the Spriggan Enchanter began the quest for the Orb.
     0 | D:1      | Reached XP level 1. HP: 9/9 MP: 5/5
   336 | D:1      | Reached XP level 2. HP: 13/13 MP: 6/6
  1001 | D:1      | Learned a level 2 spell: Ensorcelled Hibernation
  1301 | D:2      | Reached XP level 3. HP: 16/16 MP: 8/8
  1972 | D:2      | Found a stormy altar of Qazlal.
  1977 | D:2      | Found a blossoming altar of Fedhas.
  2275 | D:2      | Reached XP level 4. HP: 6/21 MP: 6/9
  2278 | D:2      | HP: 1/21 [kobold (2)]
  3158 | D:3      | Found an iron altar of Okawaru.
  3189 | D:3      | Reached skill level 5 in Dodging
  3189 | D:3      | Reached skill level 5 in Hexes
  3620 | D:3      | Slain by a worm

Vault maps used:
D:1:      shiori_arrival_elements, grunt_decor_one_mirror
D:2:      grunt_temple_overflow_forces_of_nature
D:3:      okawaru_gym_becter, first_bread, serial_corexii_hall,
          corexii_hall_statues_u, corexii_hall_statues_i,
          corexii_hall_statues_i, corexii_hall_statues_s,
          minmay_misc_feat_ornament, roderic_serpentine_path,
          minmay_crystal_water, minmay_joined_circles

Action                   |  1- 3 |  4- 6 || total
-------------------------+-------+-------++-------
Melee: Dagger            |   160 |    85 ||   245
 Cast: Corona            |     3 |       ||     3
       Ensorcelled Hiber |     6 |     2 ||     8
  Use: Potion            |     1 |     1 ||     2
       Scroll            |     1 |       ||     1
 Stab: Sleeping          |    18 |     3 ||    21
       Distracted        |       |     1 ||     1
  Eat: Bread ration      |       |     1 ||     1
